 Dungeon Crawl Stone Soup version 0.22-a0-596-gfbd32a6 (webtiles) character file.

57 iamserjio the Chopper (level 3, 0/29 HPs)
             Began as a Demonspawn Berserker on July 5, 2018.
             Was a Follower of Trog.
             Slain by Purgy (7 damage)
             ... in a sewer.
             The game lasted 00:02:34 (321 turns).

iamserjio the Chopper (Demonspawn Berserker)         Turns: 321, Time: 00:02:35

Health: 0/29       AC:  6    Str: 18    XL:     3   Next: 73%
Magic:  9/12       EV: 10    Int:  8    God:    Trog [*.....]
Gold:   43         SH:  0    Dex: 12    Spells: 2/2 levels left

rFire    . . .     SeeInvis .   a - +0 hand axe
rCold    + . .     Gourm    .   (no shield)
rNeg     . . .     Faith    .   g - +0 scale mail
rPois    .         Spirit   .   (no helmet)
rElec    .         Reflect  .   (no cloak)
rCorr    .         Harm     .   (no gloves)
MR       .....                  (no boots)
Stlth    ..........             (no amulet)
HPRegen  0.09/turn              f - ring of magical power
MPRegen  0.13/turn              (no ring)

@: berserk cooldown
A: cold resistance 1, freezing cloud immunity
a: Berserk, Renounce Religion


You were in a sewer.
You worshipped Trog.
Trog was aware of your devotion.
You were not hungry.

You visited 1 branch of the dungeon, and saw 3 of its levels.
You also visited: Sewer.

You collected 43 gold pieces.

Inventory:

Hand Weapons
 a - a +0 hand axe (weapon)
Armour
 b - a +0 animal skin
 e - a +0 ring mail
 g - a +0 scale mail (worn)
Jewellery
 f - a ring of magical power (left hand)
Scrolls
 i - 3 scrolls of immolation {unknown}
 j - a scroll of identify {unknown}
Comestibles
 c - 2 rations
 h - 6 chunks of flesh


   Skills:
 + Level 3.5 Fighting
 * Level 3.5 Axes
 + Level 2.3 Armour
 - Level 1.7 Dodging


You had 2 spell levels left.
You didn't know any spells.
Your spell library was empty.

Dungeon Overview and Level Annotations

Branches:
Dungeon (3/15)

Altars:
Makhleb

Annotations:
Sewer Purgy


Innate Abilities, Weirdness & Mutations

Your flesh is cold resistant. (rC+)
You are immune to freezing clouds.


Message History

There is an empty arch of ancient stone here.
You open the door.
Purgy the Meek comes into view.
Purgy shouts!
Purgy bites you.
* * * LOW HITPOINT WARNING * * *
Purgy barely misses you. Purgy closely misses you.
Found 3 scrolls labeled YFOSKI TOPRIACEU.
It was a potion of cancellation.
Your magical effects are unravelling.
You feel magically purged.
You feel yourself speed up. Purgy closely misses you.
Purgy claws you but does no damage. Purgy claws you.
* * * LOW HITPOINT WARNING * * *
You aren't carrying any potions.
Unknown command.
You hit Purgy.
Purgy is lightly wounded.
Purgy bites you!
You die...

####.≈≈≈.#
#.≈≈≈.#
+.≈≈≈.+
#.≈≈≈.#
#.≈≈≈.#
+.≈≈≈.+
#.≈≈≈.#
#T≈≈≈.#
+@≈≈≈.+
#######
≈≈≈# ≈≈≈#
≈≈≈# ≈≈≈#
≈≈≈# ≈≈≈#


You could see Purgy.

Vanquished Creatures
  3 adders (D:3)
  An ooze (D:2)
  A leopard gecko (D:3)
  4 orcs
  2 giant cockroaches (D:3)
  3 hobgoblins (D:2)
  2 jackals (D:3)
  A kobold (D:1)
  A quokka (D:2)
  A bat (D:2)
19 creatures vanquished.

Notes
Turn   | Place    | Note
-------+----------+-------------------------------------------
     0 | D:1      | iamserjio the Demonspawn Berserker began the quest for the Orb.
     0 | D:1      | Reached XP level 1. HP: 18/18 MP: 1/1
    74 | D:2      | Gained mutation: Your flesh is cold resistant. (rC+) [demonic ancestry]
    74 | D:2      | Reached XP level 2. HP: 8/24 MP: 2/2
   197 | D:3      | Found a glowing drain.
   223 | D:3      | Gained mutation: You are immune to freezing clouds. [demonic ancestry]
   223 | D:3      | Reached XP level 3. HP: 18/29 MP: 3/3
   261 | D:3      | Found a burning altar of Makhleb.
   304 | Sewer    | Entered a sewer
   308 | Sewer    | Noticed Purgy
   321 | Sewer    | Slain by Purgy

Vault maps used:
D:1:      dpeg_arrival_three_bigger_balls, minmay_misc_feat_four_crosses
D:3:      gammafunk_wand_slinger, lemuel_crystal_altar, lemuel_round_altar,
          first_ration, gup_sewer_entry_glass, uniq_robin
Sewer:    kennysheep_door_sewer

Skill      XL: |  1 |
---------------+----+-----
Axes           | 3 |  3.5
Armour         | 2 |  2.3
Fighting       | |  3.5
Dodging        | |  1.7

Action                   || total
-------------------------++-------
Melee: Hand axe          ||    64
Invok: Berserk           ||     2
  Use: Potion            ||     1
Armor: Ring mail         ||     7
       Scale mail        ||    25
Dodge: Dodged            ||    53

Table legend:
 A = Spawn XP
 B = Non-spawn XP
 C = Spawn XP percentage of total XP
 D = Spawn monster count
 E = Non-spawn monster count
 F = Spawn count percentage of total count
 G = Total turns spent on level
                    A         B        C        D         E        F      G
               +---------+---------+-------+---------+---------+-------+---------
         Total |       0 |      82 |   0.0 |       0 |      19 |   0.0 |   321
               +---------+---------+-------+---------+---------+-------+---------
           D:1 |       0 |       2 |   0.0 |       0 |       1 |   0.0 |    61
           D:2 |       0 |      20 |   0.0 |       0 |       7 |   0.0 |   133
           D:3 |       0 |      60 |   0.0 |       0 |      11 |   0.0 |   110
               +---------+---------+-------+---------+---------+-------+---------
